 Dungeon Crawl Stone Soup version 0.17-a0-1793-gcbb3aa1 (webtiles) character file.

2921 luca467 the Martial Artist (level 9, -5/70 HPs)
             Began as a Demonspawn Monk on Sept 9, 2015.
             Slain by an orc warrior
             ... wielding a +0 halberd
              (15 damage)
             ... on level 8 of the Dungeon.
             The game lasted 00:42:33 (9036 turns).

luca467 the Martial Artist (Demonspawn Monk)        Turns: 9036, Time: 00:42:34

Health: -5/70      AC: 11    Str: 12    XL:     9   Next: 50%
Magic:  0/9        EV: 16    Int: 12    God:
Gold:   651        SH:  0    Dex: 17    Spells: 0 memorised, 8 levels left

rFire  . . .     SeeInvis .       - Unarmed
rCold  . . .     Clarity  .     w - +1 robe
rNeg   . . .     SustAt   +     (no shield)
rPois  .         Gourm    .     (helmet restricted)
rElec  .         Spirit   +     (no cloak)
rCorr  .         Warding  .     (no gloves)
rMut   .         Stasis   .     (no boots)
MR     .....                    (no amulet)
Stlth  +++.......               r - +4 ring of protection
                                H - ring of sustain attributes

@: drained, not resistant to hostile enchantments, fairly stealthy
A: horns 2, rough black scales 1, powered by death 2, magic shield
a: no special abilities


You were on level 8 of the Dungeon.
You were not hungry.

You visited 1 branch of the dungeon, and saw 8 of its levels.
You also visited: Ossuary.

You collected 651 gold pieces.

Inventory:

Armour
 w - a +1 robe (worn)
Jewellery
 e - an uncursed amulet of guardian spirit
 g - a cursed ring of fire
 o - an uncursed ring of magical power
 r - a +4 ring of protection (right hand)
 H - a ring of sustain attributes (left hand)
Magical devices
 C - a wand of disintegration (19)
 J - a wand of random effects (24)
Scrolls
 c - 5 scrolls of teleportation
 d - 8 scrolls of enchant weapon
 f - 2 scrolls of recharging
 j - 2 scrolls of noise
 p - 3 scrolls of amnesia
 s - 2 scrolls of identify
 t - a scroll of fear {unknown}
 u - 4 scrolls of magic mapping
 v - 2 scrolls of remove curse {unknown}
 y - 2 scrolls of blinking
 B - a scroll of vulnerability {unknown}
 D - 2 scrolls of immolation
Potions
 a - 2 potions of curing
 h - 6 potions of lignification
 i - a potion of beneficial mutation {unknown}
 m - a potion of might {unknown}
 n - a potion of haste
 q - 4 potions of poison
 x - a potion of mutation {unknown}
 z - a potion of resistance {unknown}
 E - a potion of brilliance {unknown}
 I - 2 potions of heal wounds
Books
 F - a book of Maledictions

   Spells                             Type                      Level
   a - Corona                         Hexes                        1
   b - Ensorcelled Hibernation        Hexes/Ice                    2
   c - Confuse                        Hexes                        3
   d - Tukima's Dance                 Hexes                        3
   e - Dazzling Spray                 Conjuration/Hexes            3
 G - a book of Beasts

   Spells                             Type                      Level
   a - Summon Butterflies             Summoning                    1
   b - Call Canine Familiar           Summoning                    3
   c - Summon Ice Beast               Ice/Summoning                4
   d - Summon Mana Viper              Hexes/Summoning              5
   e - Summon Hydra                   Summoning                    7
Comestibles
 b - 3 bread rations
 k - 3 beef jerkies
 l - a slice of pizza
 A - 2 meat rations
 K - 6 chunks of flesh


   Skills:
 + Level 6.3(6.0) Fighting
 + Level 6.1(5.8) Dodging
 + Level 6.1(5.8) Stealth
 * Level 8.6(8.3) Unarmed Combat


You had 8 spell levels left.
You didn't know any spells.

Dungeon Overview and Level Annotations

Branches:
Dungeon (8/15)             Temple (0/1) D:6
   Lair: D:8-11

Altars:
Fedhas
Makhleb
Nemelex Xobeh
Okawaru
Ru
Zin

Annotations:
D:5 Dowan
D:8 Pikel


Innate Abilities, Weirdness & Mutations

You have a pair of horns on your head.
You are partially covered in rough black scales (AC +4, Dex -1).
You regenerate health from kills.
When hurt, damage is shared between your health and your magic reserves.


Message History

You hit the orc warrior but do no damage.
You headbutt the orc warrior, but do no damage.
The orc warrior is moderately wounded.
The orc warrior barely misses you.
You barely miss the orc warrior.
You headbutt the orc warrior, but do no damage.
The orc warrior is moderately wounded.
The orc warrior misses you.
You hit the orc warrior.
The orc warrior is heavily wounded.
The orc priest invokes the aid of Beogh against you.
Something smites you!
* * * LOW HITPOINT WARNING * * *
You punch the orc warrior! Your headbutt misses the orc warrior.
The orc warrior is severely wounded.
The orc priest calls down the wrath of Beogh upon you.
Something smites you!
* * * LOW HITPOINT WARNING * * *
The orc warrior hits you with a halberd!
You die...

############# #. #...........#
#. #.#########.# #. #.#
#####.#### #. #.#
#........######. #.#
#.###.##.#...##. #o########.##
#.# #.##.#......
.o.......>.o####.###.##.#...##.
o##########{oo@......##.#......
######.###.##......## #.#
#.........# #.###.##......#
#........#...## ######.#####.#
#.#####.### #..........
#######..#.##.#.#


You could see an orc warrior, an orc priest and an orc.

Vanquished Creatures
  A troll (D:7)
  Grinder (D:5)
  Sigmund (D:4)
  A hungry ghost (D:7)
  Menkaure (D:5)
  A sky beast (D:8)
  An ogre (D:4)
  3 centaurs
  2 phantoms
  A crocodile (D:8)
  3 giant frogs
  2 crimson imps
  An electric eel (D:6)
  A quasit (D:5)
  2 hounds (D:6)
  2 centaur zombies (D:5)
  A giant frog skeleton (D:5)
  2 giant frog zombies (D:5)
  2 orc wizards
  A centaur skeleton (D:6)
  2 orc priests
  An iguana (D:4)
  2 hell rats (D:7)
  6 worker ants
  A hound zombie (D:7)
  8 mummies (Ossuary)
  A worker ant zombie (D:7)
  14 adders
  3 river rats (D:7)
  An ooze (D:1)
  A worm (D:2)
  2 giant geckos
  17 orcs
  4 ball pythons
  7 bats
  5 giant cockroaches
  A gnoll zombie (Ossuary)
  5 hobgoblins
  4 jackals (D:5)
  A quokka (D:4)
  4 giant newts
  10 goblins
  3 hobgoblin zombies (Ossuary)
  A jackal skeleton (D:7)
  9 kobolds
  A kobold zombie (Ossuary)
  3 orc zombies (Ossuary)
  33 rats
180 creatures vanquished.

Vanquished Creatures (others)
  Duvessa (D:5)
  7 fungi (D:8)
  4 plants (D:8)
12 creatures vanquished.

Grand Total: 192 creatures vanquished

Notes
Turn   | Place    | Note
--------------------------------------------------------------
     0 | D:1      | luca467 the Demonspawn Monk began the quest for the Orb.
     0 | D:1      | Reached XP level 1. HP: 18/18 MP: 1/1
    40 | D:1      | Gained mutation: You have a pair of small horns on your head. [demonic ancestry]
    40 | D:1      | Reached XP level 2. HP: 20/24 MP: 2/2
   940 | D:2      | Gained mutation: You have a pair of horns on your head. [demonic ancestry]
   940 | D:2      | Reached XP level 3. HP: 25/29 MP: 3/3
   970 | D:2      | Reached skill level 4 in Unarmed Combat
  1912 | D:2      | Reached XP level 4. HP: 30/35 MP: 4/4
  3067 | D:3      | Reached XP level 5. HP: 15/41 MP: 5/5
  3916 | D:4      | Found a burning altar of Makhleb.
  3967 | D:4      | Noticed Sigmund
  3984 | D:4      | Killed Sigmund
  3984 | D:4      | Reached skill level 5 in Unarmed Combat
  3984 | D:4      | Gained mutation: You are partially covered in rough black scales (AC +4, Dex -1). [demonic ancestry]
  3984 | D:4      | Reached XP level 6. HP: 40/48 MP: 6/6
  4099 | D:4      | Noticed an ogre
  4107 | D:4      | Killed an ogre
  4130 | D:4      | Found an iron altar of Okawaru.
  4375 | D:4      | Found a sand-covered staircase.
  4599 | Ossuary  | Entered an ossuary
  4821 | Ossuary  | Gained mutation: When hurt, damage is shared between your health and your magic reserves. [demonic ancestry]
  4821 | Ossuary  | Reached XP level 7. HP: 42/54 MP: 7/7
  5713 | D:4      | Found a sacrificial altar of Ru.
  5833 | D:5      | Entered Level 5 of the Dungeon
  5833 | D:5      | Noticed Grinder
  5834 | D:5      | Paralysed by Grinder for 5 turns
  5856 | D:5      | Killed Grinder
  5856 | D:5      | Reached skill level 6 in Unarmed Combat
  5962 | D:5      | Found a sparkling altar of Nemelex Xobeh.
  6231 | D:5      | Gained mutation: You regenerate a little health from kills. [demonic ancestry]
  6231 | D:5      | Reached XP level 8. HP: 51/61 MP: 6/8
  6253 | D:5      | Reached skill level 5 in Fighting
  6338 | D:5      | Noticed Menkaure
  6349 | D:5      | Killed Menkaure
  6380 | D:5      | Noticed Duvessa
  6381 | D:5      | Found a glowing drain.
  6381 | D:5      | Noticed Dowan
  6414 | D:5      | Killed Duvessa
  6414 | D:5      | Reached skill level 5 in Dodging
  6561 | D:5      | Reached skill level 5 in Stealth
  6831 | D:5      | Reached skill level 7 in Unarmed Combat
  7241 | D:6      | Found a staircase to the Ecumenical Temple.
  7569 | D:6      | Found a glowing silver altar of Zin.
  7569 | D:6      | Noticed an angel
  7901 | D:7      | Gained mutation: You regenerate health from kills. [demonic ancestry]
  7901 | D:7      | Reached XP level 9. HP: 69/69 MP: 9/9
  8125 | D:7      | Noticed a troll
  8140 | D:7      | Killed a troll
  8140 | D:7      | Reached skill level 8 in Unarmed Combat
  8761 | D:8      | Found a blossoming altar of Fedhas.
  8766 | D:8      | Noticed Pikel
  9036 | D:8      | Slain by an orc warrior

Vault maps used:
D:1:      onia_arrival_handbag
D:4:      nicolae_overflow_hidden_temple, okawaru_metal_pillars_1_2,
          nicolae_ossuary_entry_false_entrances, corexii_shack,
          nicolae_ru_path_of_blood, uniq_sigmund
D:5:      minmay_opposing_rooms, gup_sewer_entry_glass, first_bread,
          basic_altar, uniq_duvessa, uniq_menkaure, uniq_grinder
D:6:      zin_angel, minmay_temple_entry_overgrown, fountainhead
D:7:      lemuel_ratsnest
D:8:      lemuel_doored_altar, minitemple, erik_lair_orcish_takeover,
          the_bakery, fedhas_altar_3, uniq_pikel
Ossuary:  ossuary_tomb_3

Action                   |  1- 3 |  4- 6 |  7- 9 || total
-------------------------+-------+-------+-------++-------
Melee: Unarmed           |   131 |   138 |   498 ||   767
Evoke: Wand              |       |       |     1 ||     1
  Use: Potion            |     4 |       |     3 ||     7
       Scroll            |     3 |     7 |     8 ||    18
 Stab: Sleeping          |    12 |     7 |     7 ||    26
       Distracted        |       |       |     1 ||     1
  Eat: Chunk             |     3 |     8 |     6 ||    17
       Royal jelly       |       |     1 |       ||     1
       Meat ration       |       |       |     1 ||     1
       Fruit             |       |       |     6 ||     6
